 Dungeon Crawl Stone Soup version 0.22-a0-580-gd5db89c (webtiles) character file.

32 Hebeh the Skirmisher (level 3, 0/33 HPs)
             Began as a Minotaur Fighter on July 2, 2018.
             Slain by a worm (7 damage)
             ... on level 2 of the Dungeon.
             The game lasted 00:02:33 (894 turns).

Hebeh the Skirmisher (Minotaur Fighter)              Turns: 894, Time: 00:02:33

Health: 0/33       AC:  7    Str: 21    XL:     3   Next: 8%
Magic:  2/2        EV:  7    Int:  5    God:
Gold:   102        SH:  9    Dex:  9    Spells: 2/2 levels left

rFire    . . .     SeeInvis .   a - +0 war axe
rCold    . . .     Gourm    .   c - +0 shield
rNeg     . . .     Faith    .   b - +0 scale mail
rPois    .         Spirit   .   (helmet restricted)
rElec    .         Reflect  .   (no cloak)
rCorr    .         Harm     .   (no gloves)
MR       .....                  (no boots)
Stlth    ..........             (no amulet)
HPRegen  0.11/turn              (no ring)
MPRegen  0.08/turn              (no ring)

@: lethally poisoned (0 -> 0)
A: retaliatory headbutt, horns 2
a: no special abilities


You were on level 2 of the Dungeon.
You were not hungry.

You visited 1 branch of the dungeon, and saw 2 of its levels.

You collected 102 gold pieces.

Inventory:

Hand Weapons
 a - a +0 war axe (weapon)
Missiles
 k - 8 javelins (quivered)
Armour
 b - a +0 scale mail (worn)
 c - a +0 shield (worn)
Jewellery
 g - an uncursed amulet of the acrobat {unknown}
Scrolls
 h - a scroll of blinking {unknown}
 i - 2 scrolls of remove curse {unknown}
 m - a scroll of amnesia {unknown}
 o - a scroll of identify {unknown}
Potions
 d - a potion of might
 e - a potion of invisibility {unknown}
 j - 2 potions of berserk rage {unknown}
 l - a potion of flight {unknown}
 n - a potion of ambrosia {unknown}
Comestibles
 f - 3 rations
 p - 7 chunks of flesh


   Skills:
 + Level 4.0 Fighting
 * Level 3.3 Axes
 + Level 0.3 Throwing
 + Level 4.0 Armour
 + Level 3.9 Shields


You had 2 spell levels left.
You didn't know any spells.
Your spell library was empty.

Dungeon Overview and Level Annotations

Branches:
Dungeon (2/15)

Altars:


Innate Abilities, Weirdness & Mutations

You reflexively headbutt those who attack you in melee.
You have a pair of horns on your head.


Message History

Your Armour skill increases to level 4!
You have reached level 3!
Your experience leads to an increase in your attributes!
Increase (S)trength, (I)ntelligence, or (D)exterity?
You feel stronger.
You closely miss the frilled lizard.
You feel sick. The frilled lizard barely misses you.
The worm bites you but does no damage. You block the frilled lizard's attack.
You see here an adder corpse.
You hit the worm.
The worm is moderately wounded.
Your shield and scale mail prevent you from hitting the frilled lizard.
The frilled lizard bites you.
* * * LOW HITPOINT WARNING * * *
You block the worm's attack.
You slash the worm!
The worm is almost dead.
You closely miss the frilled lizard.
You feel sick.
You block the frilled lizard's attack. x2; The worm bites you!
You die...

# ##..##.##########
#...##.#
#......#########.
...#.#..#.........
.#...#....#####.##
#...##...## .#
#..........####.#####
# ...#.###..........#
#. #. ##.@w......# #
.. #.l.......# ..#
#.>.......# ...
#..)......#
...........#
###.........#
#.........#
#.........#


You could see a worm and a frilled lizard.

Vanquished Creatures
  An adder (D:2)
  A leopard gecko (D:2)
  A bat (D:1)
  6 goblins
  3 hobgoblins
  A ball python (D:2)
  3 frilled lizards (D:1)
  2 kobolds (D:1)
  3 rats (D:1)
21 creatures vanquished.

Notes
Turn   | Place    | Note
-------+----------+-------------------------------------------
     0 | D:1      | Hebeh the Minotaur Fighter began the quest for the Orb.
     0 | D:1      | Reached XP level 1. HP: 19/19 MP: 0/0
   278 | D:1      | Reached XP level 2. HP: 25/27 MP: 1/1
   891 | D:2      | Reached XP level 3. HP: 10/33 MP: 2/2
   894 | D:2      | Slain by a worm

Vault maps used:
D:1:      minmay_arrival_wavy_path, minmay_misc_feat_square,
          minmay_misc_feat_enclosed
D:2:      nicolae_overflow_crystal_walls, old_standard_altar, first_ration,
          minmay_tall_x

Skill      XL: |  1  2 |
---------------+-------+-----
Axes           | 3 |  3.3
Fighting       | 4 |  4.0
Armour         | 4 |  4.0
Throwing       | |  0.3
Shields        | |  3.9

Action                   || total
-------------------------++-------
Melee: War axe           ||    58
       Headbutt          ||     7
Armor: Scale mail        ||    24
Dodge: Dodged            ||    17
Block: Shield            ||    44

Table legend:
 A = Spawn XP
 B = Non-spawn XP
 C = Spawn XP percentage of total XP
 D = Spawn monster count
 E = Non-spawn monster count
 F = Spawn count percentage of total count
 G = Total turns spent on level
                    A         B        C        D         E        F      G
               +---------+---------+-------+---------+---------+-------+---------
         Total |       0 |      46 |   0.0 |       0 |      21 |   0.0 |   894
               +---------+---------+-------+---------+---------+-------+---------
           D:1 |       0 |      23 |   0.0 |       0 |      15 |   0.0 |   837
           D:2 |       0 |      23 |   0.0 |       0 |       6 |   0.0 |    57
               +---------+---------+-------+---------+---------+-------+---------
